 Dungeon Crawl Stone Soup version 0.22-a0-782-g038298e (webtiles) character file.

5 glosham the Skirmisher (level 1, -2/18 HPs)
             Began as a Mummy Abyssal Knight on July 21, 2018.
             Was a Follower of Lugonu.
             Slain by a thrashing horror (4 damage)
             ... summoned by a glowing orange brain
             ... on level 3 of the Abyss.
             The game lasted 00:03:51 (147 turns).

glosham the Skirmisher (Mummy Abyssal Knight)        Turns: 147, Time: 00:03:51

Health: -2/18      AC:  3    Str: 15    XL:     1   Next: 66%
Magic:  8/11       EV: 11    Int: 11    God:    Lugonu [*.....]
Gold:   0          SH:  0    Dex: 11    Spells: 0/0 levels left

rFire    x . .     SeeInvis .   a - +1 spear
rCold    + . .     Gourm    .   (no shield)
rNeg     + + +     Faith    .   b - +0 leather armour
rPois    ∞         Spirit   .   (no helmet)
rElec    .         Reflect  .   (no cloak)
rCorr    .         Harm     .   (no gloves)
MR       .....                  (no boots)
Stlth    +.........             (no amulet)
HPRegen  0.06/turn              A - ring of magical power
MPRegen  0.12/turn              (no ring)

@: no status effects
A: no food or potions, fire vulnerability, cold resistance 1, negative energy
resistance 3, torment resistance, unbreathing
a: Depart the Abyss, Renounce Religion


You were on level 3 of the Abyss.
You worshipped Lugonu.
Lugonu was aware of your devotion.
You were not hungry.

You visited 0 branches of the dungeon, and saw 0 of its levels.
You visited the Abyss 1 time.

Inventory:

Hand Weapons
 a - a +1 spear (weapon)
Armour
 b - a +0 leather armour (worn)
Jewellery
 A - a ring of magical power (left hand)
Scrolls
 c - a scroll of remove curse


   Skills:
 - Level 3.0 Fighting
 - Level 1.5 Polearms
 - Level 1.5 Armour
 - Level 0.7 Dodging
 * Level 1.1 Stealth
 - Level 1.5 Invocations


You couldn't memorise any spells.
You didn't know any spells.
Your spell library was empty.

Dungeon Overview and Level Annotations

Branches:
Dungeon (0/15)

Altars:


Innate Abilities, Weirdness & Mutations

You do not eat or drink.
Your flesh is vulnerable to fire.
You are immune to poison.
Your flesh is cold resistant. (rC+)
You are immune to negative energy. (rN+++)
You are immune to unholy pain and torment.
You can survive without breathing.


Message History

Found an opal ring.
You see here an opal ring.
d - an opal ring
As you read the scroll labeled TENEGG KOETURPH, it crumbles to dust.
You feel strangely unstable.
You feel the power of the Abyss delaying your translocation!
It was a scroll of teleportation.
Put on which piece of jewellery? (? for menu, Esc to quit)
You feel your magic capacity increase.
d - a ring of magical power (left hand) Adjust (i)tems, (s)pells, or (a)bilities?
Adjust which item? (? for menu, Esc to quit)
d - a ring of magical power (left hand) Adjust to which letter? (? for menu, Esc to quit)
A - a ring of magical power (left hand)
A spatial vortex comes into view.
The spatial vortex moves out of view.
A spatial maelstrom comes into view.
You are suddenly pulled into a different region of the Abyss!
Found a basalt altar of Yredelemnul.
There is a basalt altar of Yredelemnul here.
Found a gateway leading deeper into the Abyss.
Found a scroll of remove curse.
There is a gateway leading deeper into the Abyss here.
You see here a scroll of remove curse.
c - a scroll of remove curse
There is a gateway leading deeper into the Abyss here.
You plunge deeper into the Abyss.
The abyssal rune of Zot can be found at this depth.
A vampire mage comes into view.
The glowing orange brain pulsates.
The thrashing horror tramples you!
Ouch! That really hurt!
You stumble backwards!
A raiju comes into view.
The thrashing horror roars!
You hear a roar!
The thrashing horror tramples you.
* * * LOW HITPOINT WARNING * * *
You hold your ground!
The thrashing horror tramples you.
You die...

#........
.... ...
##.#.#...
#.#.#...
##..##..##..
##.#
#..##..###..
. #. #..#..#
#. #.... .
#.#.##.## #..
.. #§ #
###...# .#
#.h##.X###..#
#..@## ..#
#.##..# ...
.. #.... .##
≈ ###..# #.
.## .# .# . .


You could see a thrashing horror and a raiju.

Vanquished Creatures
  An ufetubus (Abyss:1)
1 creature vanquished.

Notes
Turn   | Place    | Note
-------+----------+-------------------------------------------
     0 | Abyss:1  | glosham the Mummy Abyssal Knight began the quest for the Orb.
     0 | Abyss:1  | Reached XP level 1. HP: 18/18 MP: 2/2
    44 | Abyss:1  | Reached skill level 1 in Stealth
    95 | Abyss:2  | Noticed a spatial vortex
   101 | Abyss:2  | Noticed a spatial maelstrom
   103 | Abyss:2  | Found a basalt altar of Yredelemnul.
   126 | Abyss:3  | Noticed a glowing orange brain
   137 | Abyss:3  | Noticed a vampire mage
   143 | Abyss:3  | Noticed an ancient zyme
   145 | Abyss:3  | Noticed a thrashing horror
   147 | Abyss:3  | Noticed a raiju
   147 | Abyss:3  | Slain by a thrashing horror

Vault maps used:
Abyss:3:  evilmike_abyss_exit_1, evilmike_abyss_rune_tso_outpost

Skill      XL: |  1 |
---------------+----+-----
Stealth        | 1 |  1.1
Fighting       | |  3.0
Polearms       | |  1.5
Armour         | |  1.5
Dodging        | |  0.7
Invocations    | |  1.5

Action                   || total
-------------------------++-------
Melee: Spear             ||     2
  Use: Scroll            ||     2
Armor: Leather armour    ||     2

Table legend:
 A = Spawn XP
 B = Non-spawn XP
 C = Spawn XP percentage of total XP
 D = Spawn monster count
 E = Non-spawn monster count
 F = Spawn count percentage of total count
 G = Total turns spent on level
                    A         B        C        D         E        F      G
               +---------+---------+-------+---------+---------+-------+---------
         Total |       0 |       8 |   0.0 |       0 |       1 |   0.0 |   147
               +---------+---------+-------+---------+---------+-------+---------
       Abyss:1 |       0 |       8 |   0.0 |       0 |       1 |   0.0 |    55
               +---------+---------+-------+---------+---------+-------+---------

Table legend:
 A = Turns spent in this place as a percentage of turns spent in the entire game.
 B = Non-inter-level travel turns spent in this place as a percentage of non-inter-level travel turns spent in the entire game.
 C = Inter-level travel turns spent in this place as a percentage of turns spent in this place.
 D = Turns resting spent in this place as a percentage of non-inter-level travel turns spent in this place.
 E = Turns spent auto-exploring this place as a percentage of non-inter-level travel turns spent in this place.
 F = Non-inter-level travel turns spent in this place divided by the number of levels of this place that you've seen.
                   A       B       C       D       E      F
               +-------+-------+-------+-------+-------+----------------------
         Total | 100.0 | 100.0 |   0.0 |   0.0 |   0.0 |  49.0
         Abyss | 100.0 | 100.0 |   0.0 |   0.0 |   0.0 |  49.0
               +-------+-------+-------+-------+-------+----------------------

Table legend:
 A = Kills in this place as a percentage of kills in entire the game.
 B = Kills by you in this place as a percentage of kills by you in the entire game.
 C = Kills by friends in this place as a percentage of kills by friends in the entire game.
 D = Other kills in this place as a percentage of other kills in the entire game.
 E = Experience gained in this place as a percentage of experience gained in the entire game.
 F = Experience gained in this place divided by the number of levels of this place that you have seen.
                   A       B       C       D       E      F
               +-------+-------+-------+-------+-------+----------------------
         Total | 100.0 | 100.0 |   N/A |   N/A | 100.0 |   2.7
         Abyss | 100.0 | 100.0 |   N/A |   N/A | 100.0 |   2.7
               +-------+-------+-------+-------+-------+----------------------

Vault maps used:
Abyss:3:  evilmike_abyss_exit_1, evilmike_abyss_rune_tso_outpost
